 Dungeon Crawl Stone Soup version 0.23.2-30-g0e89c35649 (webtiles) character file.

Game seed: 6660873717073688973

4708 Kahibar the Destroyer (level 10, 0/77 HPs)
             Began as a Grey Draconian Conjurer on June 20, 2019.
             Was a Priest of Sif Muna.
             Slain by a white ugly thing (33 damage)
             ... on level 8 of the Dungeon.
             The game lasted 02:22:30 (15547 turns).

Kahibar the Destroyer (Grey Draconian Conjurer)    Turns: 15547, Time: 02:22:31

Health: 0/77       AC: 18    Str: 11    XL:     10   Next: 22%
Magic:  21/21      EV: 14    Int: 19    God:    Sif Muna [***...]
Gold:   426        SH:  3    Dex: 13    Spells: 16/24 levels left

rFire    . . .     SeeInvis .   A - +2 quarterstaff (chaos)
rCold    . . .     Gourm    .   (shield currently unavailable)
rNeg     + . .     Faith    .   (armour unavailable)
rPois    .         Spirit   .   (helmet restricted)
rElec    .         Reflect  +   E - +2 cloak
rCorr    .         Harm     .   N - +2 pair of gloves
MR       .....                  (no boots)
Stlth    +++.......             r - +3 amulet of reflection
HPRegen  0.22/turn              J - ring of positive energy
MPRegen  0.17/turn              e - +2 ring of dexterity

@: slowed, very slow
A: walk through water, unfitting armour, unbreathing, cold-blooded, AC +12
a: Divine Energy, Channel Magic, Renounce Religion


You were on level 8 of the Dungeon.
You worshipped Sif Muna.
Sif Muna was most pleased with you.
You were not hungry.

You visited 1 branch of the dungeon, and saw 8 of its levels.
You also visited: Ossuary.

You collected 426 gold pieces.

Inventory:

Hand Weapons
 d - a +2 spear of freezing
 l - a +2 whip of freezing
 s - a +1 antimagic spear
 A - a +2 quarterstaff of chaos (weapon)
 C - a +2 flail of protection
 D - a +2 mace of draining
Missiles
 j - 270 stones (quivered)
 p - 14 sling bullets
 y - 14 tomahawks
 F - a throwing net
 V - 68 arrows
Armour
 w - a scarf of resistance
 z - a +0 shield
 E - a +2 cloak (worn)
 N - a +2 pair of gloves (worn)
Magical Staves
 L - an uncursed staff of cold
 R - an uncursed staff of power
Jewellery
 e - a +2 ring of dexterity (right hand)
 r - a +3 amulet of reflection (around neck)
 H - an uncursed amulet of magic regeneration
 J - a ring of positive energy (left hand)
Wands
 a - a wand of random effects (16)
 G - a wand of paralysis (9)
 K - a wand of acid (5)
 U - a wand of polymorph (6)
Scrolls
 c - a scroll of amnesia {unknown}
 g - a scroll of magic mapping {unknown}
 i - 3 scrolls of blinking
 k - 2 scrolls of teleportation
 m - a scroll of silence {unknown}
 o - a scroll of brand weapon {unknown}
 q - 2 scrolls of enchant weapon
 v - 2 scrolls of remove curse
 x - 2 scrolls of noise
 I - a scroll of random uselessness {unknown}
 M - 2 scrolls of immolation {unknown}
 P - a scroll of enchant armour
Potions
 f - a potion of lignification {unknown}
 h - 2 potions of heal wounds {unknown}
 n - 2 potions of might {unknown}
 t - a potion of mutation {unknown}
 u - a potion of agility
 B - 2 potions of brilliance {unknown}
 O - 2 potions of berserk rage {unknown}
 Q - a potion of flight {unknown}
 S - 2 potions of degeneration {unknown}
 W - 4 potions of curing
 Y - a potion of magic {unknown}
Comestibles
 b - 5 rations
 T - 4 chunks of flesh


   Skills:
 + Level 3.5 Fighting
 - Level 0.7(2.5) Maces & Flails
 - Level 0.8(2.5) Polearms
 + Level 3.9(4.0) Staves
 - Level 0.1 Throwing
 + Level 5.0 Dodging
 + Level 5.6 Stealth
 - Level 1.1 Shields
 + Level 7.5 Spellcasting
 + Level 8.3 Conjurations
 * Level 3.9 Hexes


You had 16 spell levels left.
You knew the following spells:

 Your Spells              Type           Power        Failure   Level  Hunger
a - Magic Dart            Conj           ####         1%          1    None
b - Dazzling Spray        Conj/Hex       ####..       2%          3    #......
c - Iskenderun's Mystic   Conj           #####...     3%          4    ###....

Your spell library contained the following spells:

 Spells                   Type           Power        Failure   Level  Hunger
 Searing Ray              Conj           #####.       1%          2    None
 Fulminant Prism          Conj/Hex       ####......   8%          4    ###....
 Force Lance              Conj/Tloc      ###.....     17%         4    ###....


Dungeon Overview and Level Annotations

Branches:
Dungeon (8/15)             Temple (0/1) D:6
   Lair: D:8-11

Altars:
Cheibriados
Makhleb
Sif Muna
Wu Jian
Xom

Shops:
D:4 %


Innate Abilities, Weirdness & Mutations

You can walk through water.
Your dull iron-grey scales are very hard. (AC +12)
You cannot fit into any form of body armour.
You can survive without breathing.
You are cold-blooded and may be slowed by cold attacks.


Message History

The white ugly thing closely misses you.
You hit the white ugly thing. You burn the white ugly thing.
The white ugly thing is moderately wounded.
You block the white ugly thing's attack.
You hit the white ugly thing.
The white ugly thing is moderately wounded.
The white ugly thing engulfs you but does no damage.
You hit the white ugly thing. You burn the white ugly thing.
You tail-slap the white ugly thing, but do no damage.
The white ugly thing is moderately wounded.
The white ugly thing engulfs you but does no damage.
You hit the white ugly thing but do no damage.
The white ugly thing is moderately wounded.
The white ugly thing barely misses you.
You barely miss the white ugly thing.
You tail-slap the white ugly thing, but do no damage.
The white ugly thing is moderately wounded.
The white ugly thing engulfs you. The white ugly thing freezes you!!
You feel yourself slow down.
You die...

..........###.###..#..#######....
.........## ##..##...## ##...
#.......## ##..##.## ##..
##.....## ##..## ##. #......#
##..# #. .......# ## ##.# #.
...##..# #!. #.# #. .......#
#..#####.# #. .......# #....@..#
#. .......## ##..8u.## ##.
........## ##...## #..
.....##..## ##.## #...
.....)รท...# ## #.... .....)#..##
##... ........## ##.. .......##
##. .......# #.


You could see a white ugly thing.

Vanquished Creatures
  Pikel (D:4)
  Maurice (D:8)
  Psyche (D:8)
  Grinder (D:5)
  A phantom (D:5)
  2 sky beasts
  3 orc warriors
  An ice beast (D:6)
  3 slaves (D:4)
  4 ogres
  A centaur (D:7)
  2 necrophages
  A big kobold (D:8)
  5 bullfrogs
  A water moccasin skeleton (D:7)
  2 scorpions
  3 jellies
  3 killer bees (D:6)
  4 crimson imps
  2 bullfrog zombies (D:7)
  2 hounds
  Crazy Yiuf (D:6)
  A centaur skeleton (D:6)
  5 orc wizards
  6 orc priests
  Jessica (D:3)
  5 worker ants
  4 big kobold zombies (Ossuary)
  A hound zombie (D:8)
  2 mummies
  6 gnolls
  12 adders
  A shadow imp (D:4)
  2 oozes
  6 worms
  4 dart slugs
  3 leopard geckos
  25 orcs
  3 spectral bats (Ossuary)
  5 giant cockroaches
  5 goblins
  7 hobgoblins
  3 jackals (D:7)
  6 quokkas
  2 ball pythons (D:1)
  6 bats
  4 bat simulacra (Ossuary)
  4 frilled lizards
  7 gnoll zombies (Ossuary)
  A goblin simulacrum (Ossuary)
  6 goblin zombies (Ossuary)
  3 hobgoblin zombies (Ossuary)
  8 kobolds
  3 kobold simulacra (Ossuary)
  2 kobold zombies (Ossuary)
  A leopard gecko zombie (D:6)
  7 orc zombies (Ossuary)
  A quokka skeleton (D:8)
  6 rats
  3 rat simulacra (Ossuary)
  2 spectral goblins (Ossuary)
  3 spectral kobolds (Ossuary)
  2 spectral rats (Ossuary)
229 creatures vanquished.

Vanquished Creatures (others)
  5 dream sheep (D:4)
  2 centaurs (D:8)
  A big kobold zombie (Ossuary)
8 creatures vanquished.

Grand Total: 237 creatures vanquished

Notes
Turn   | Place    | Note
-------+----------+-------------------------------------------
     0 | D:1      | Kahibar the Draconian Conjurer began the quest for the Orb.
     0 | D:1      | Reached XP level 1. HP: 14/14 MP: 3/3
   270 | D:1      | Reached XP level 2. HP: 20/20 MP: 1/5
  1004 | D:1      | Reached XP level 3. HP: 24/26 MP: 3/6
  1750 | D:2      | Reached XP level 4. HP: 27/33 MP: 1/7
  2263 | D:3      | Found a faded altar of an unknown god.
  2568 | D:3      | Noticed Jessica
  2965 | D:3      | Reached skill level 5 in Conjurations
  3186 | D:3      | Found an ornate altar of the Wu Jian Council.
  3186 | D:3      | Found a snail-covered altar of Cheibriados.
  3189 | D:3      | Reached XP level 5. HP: 38/38 MP: 5/9
  3337 | D:3      | Found a deep blue altar of Sif Muna.
  3340 | D:3      | Became a worshipper of Sif Muna the Loreminder
  3502 | D:3      | Learned a level 3 spell: Dazzling Spray
  3509 | D:3      | Killed Jessica
  3678 | D:4      | Noticed a dream sheep
  3678 | D:4      | Noticed a dream sheep
  3678 | D:4      | Noticed a dream sheep
  3678 | D:4      | Noticed a dream sheep
  3678 | D:4      | Noticed a dream sheep
  3678 | D:4      | Found a shimmering altar of Xom.
  3683 | D:4      | Killed a dream sheep
  3683 | D:4      | Killed a dream sheep
  3683 | D:4      | Killed a dream sheep
  3685 | D:4      | Killed a dream sheep
  3685 | D:4      | Killed a dream sheep
  4098 | D:4      | Found Bivoger's Food Emporium.
  5039 | D:4      | Reached XP level 6. HP: 39/45 MP: 0/11
  5648 | D:5      | Entered Level 5 of the Dungeon
  6271 | D:4      | Your scales start taking on a dull iron-grey colour.
  6271 | D:4      | Reached XP level 7. HP: 24/51 MP: 0/14
  6271 | D:4      | Gained mutation: You can survive without breathing. [Grey
                  | Draconian growth]
  7262 | D:5      | Noticed Pikel
  8739 | D:4      | Killed Pikel
  8739 | D:4      | Reached * piety under Sif Muna
  8739 | D:4      | Reached skill level 1 in Fighting
  8739 | D:4      | Reached skill level 1 in Staves
  8739 | D:4      | Reached skill level 5 in Spellcasting
  8739 | D:4      | Reached skill level 6 in Conjurations
  8739 | D:4      | Reached XP level 8. HP: 33/59 MP: 1/16
  9078 | D:6      | Reached skill level 1 in Shields
  9156 | D:6      | Noticed Grinder
  9363 | D:5      | Killed Grinder
  9539 | D:5      | Learned a level 4 spell: Iskenderun's Mystic Blast
  9551 | D:6      | Reached skill level 5 in Stealth
  9923 | D:5      | Reached skill level 1 in Hexes
 10083 | D:6      | Found a staircase to the Ecumenical Temple.
 10222 | D:6      | Found a runed translucent door.
 10223 | D:6      | Noticed Crazy Yiuf
 10529 | D:6      | Reached skill level 7 in Conjurations
 10533 | D:6      | Reached XP level 9. HP: 48/68 MP: 14/18
 10979 | D:6      | Killed Crazy Yiuf
 11098 | D:6      | Reached ** piety under Sif Muna
 13277 | D:8      | Reached skill level 8 in Conjurations
 13566 | D:8      | Found a sand-covered staircase.
 13580 | Ossuary  | Entered an ossuary
 13937 | Ossuary  | Reached *** piety under Sif Muna
 14690 | D:8      | Noticed Maurice
 15037 | D:8      | Killed Maurice
 15037 | D:8      | Reached XP level 10. HP: 75/77 MP: 18/21
 15094 | D:8      | Found a burning altar of Makhleb.
 15159 | D:8      | Noticed Psyche
 15359 | D:8      | Killed Psyche
 15359 | D:8      | Reached skill level 5 in Dodging
 15526 | D:8      | Noticed a white ugly thing
 15547 | D:8      | Slain by a white ugly thing

Skill      XL: |  1  2  3  4  5  6  7  8  9 10 |
---------------+-------------------------------+-----
Dodging        | 2 3 4 5 |  5.0
Stealth        | 2 3 4 5 |  5.6
Spellcasting   | 3 4 5 6 7 |  7.5
Conjurations   | 5 6 7 8 |  8.3
Fighting       | 1 2 3 |  3.5
Staves         | 1 3 |  3.9
Shields        | 1 |  1.1
Hexes          | 1 3 |  3.9
Maces & Flails | |  0.7
Polearms       | |  0.8
Throwing       | |  0.1

Action                   |  1- 3 |  4- 6 |  7- 9 | 10-12 || total
-------------------------+-------+-------+-------+-------++-------
Melee: Unarmed           |    32 |       |       |       ||    32
       Tailslap          |     4 |     4 |    23 |     4 ||    35
       Club              |    15 |    51 |    26 |       ||    92
       Spear             |       |       |    10 |       ||    10
       Short sword       |       |       |     7 |       ||     7
       Staff             |       |       |    16 |       ||    16
       Quarterstaff      |       |       |   123 |    26 ||   149
Throw: Stone             |     2 |       |     8 |       ||    10
 Cast: Magic Dart        |    66 |   169 |   503 |    36 ||   774
       Dazzling Spray    |       |     6 |     9 |       ||    15
       Iskenderun's Myst |       |       |     9 |       ||     9
  Use: Scroll            |       |       |    11 |       ||    11
 Stab: Sleeping          |     1 |       |    10 |       ||    11
       Invisible         |       |       |     2 |       ||     2
       Confused          |       |       |     2 |       ||     2
       Petrifying        |       |       |     1 |       ||     1
  Eat: Chunk             |     3 |     9 |    14 |     2 ||    28
       Ration            |       |     2 |     4 |       ||     6
Armor: Skin              |    24 |    44 |   170 |    20 ||   258
Dodge: Dodged            |    37 |    86 |   284 |    27 ||   434
Block: Other             |       |       |    41 |     6 ||    47
       Reflection        |       |       |     5 |     1 ||     6
